 Dungeon Crawl Stone Soup version 0.28-a0-1087-gf3fc490d9d (webtiles) character file.

Game seed: 16272410619400898998

51 bearlyready the Conjurer (level 3, -10/26 HPs)
             Began as a Draconian Conjurer on Dec 10, 2021.
             Mangled by an iguana (12 damage)
             ... on level 5 of the Dungeon.
             The game lasted 00:04:19 (2629 turns).

bearlyready the Conjurer (Draconian Conjurer)       Turns: 2629, Time: 00:04:19

Health: -10/26     AC:  5    Str:  9    XL:     3   Next: 58%
Magic:  0/6        EV: 12    Int: 20    God:
Gold:   58         SH:  0    Dex:  9    Spells: 3/6 levels left

rFire   . . .      SeeInvis .   l - +0 dagger
rCold   . . .      Faith    .   (no shield)
rNeg    . . .      Spirit   .   (armour unavailable)
rPois   .          Reflect  .   (helmet restricted)
rElec   .          Harm     .   (no cloak)
rCorr   .          Rampage  .   (no gloves)
Will    .....                   (no boots)
Stlth   ++........              (no amulet)
HPRegen 0.08/turn               (no ring)
MPRegen 0.10/turn               (no ring)

@: mighty
A: AC +5, unfitting armour, cold-blooded
a: no special abilities


You were on level 5 of the Dungeon.
You visited 1 branch of the dungeon, and saw 4 of its levels.

You collected 58 gold pieces.

Inventory:

Hand Weapons
 c - a +0 hunting sling
 d - a +0 short sword
 l - a +0 dagger (weapon)
Missiles
 b - 86 stones
Armour
 j - a +0 kite shield
Scrolls
 e - 4 scrolls of identify {unknown}
 f - a scroll of teleportation {unknown}
 g - a scroll of amnesia {unknown}
 h - 2 scrolls of vulnerability {unknown}
 n - a scroll of magic mapping {unknown}
Potions
 a - 2 potions of might
 i - 2 potions of lignification {unknown}
 k - 2 potions of attraction {unknown}
 m - a potion of flight {unknown}
 o - a potion of heal wounds {unknown}


   Skills:
 - Level 1.7 Dodging
 - Level 1.7 Stealth
 - Level 2.0 Spellcasting
 + Level 5.3 Conjurations


You had 3 spell levels left.
You knew the following spells:

 Your Spells              Type           Power      Damage    Failure   Level
a - Magic Dart            Conj           92%        1d7       1%          1
b - Searing Ray           Conj           46%        2d6       2%          2

Your spell library contained the following spells:

 Spells                   Type           Power      Damage    Failure   Level
 Static Discharge         Conj/Air       12%        N/A       8%          2
 Animate Skeleton         Necr           4%         N/A       16%         1
 Apportation              Tloc           4%         N/A       16%         1
 Summon Small Mammal      Summ           8%         N/A       16%         1
 Dazzling Flash           Conj/Hex       24%        N/A       16%         3
 Fulminant Prism          Conj/Hex       6%         3d7       45%         4
 Iskenderun's Mystic Bla  Conj/Tloc      12%        2d5       45%         4
 Lightning Bolt           Conj/Air       6%         1d18      82%         5
 Animate Dead             Necr           1%         N/A       83%         4
 Haunt                    Necr/Summ      1%         N/A       100%        7
 Infestation              Necr           1%         N/A       100%        8
 Maxwell's Capacitive Co  Air            1%         ∞         100%        8


Dungeon Overview and Level Annotations

Branches:
Dungeon (3/15)

Altars:
Ashenzari


Innate Abilities, Weirdness & Mutations

Your plain brown scales are hard. (AC +5)
You cannot fit into any form of body armour.
You are cold-blooded and may be slowed by cold attacks.


Message History

* * * LOW HITPOINT WARNING * * *
Items here: ))) [[.
Things that are here:
a +0 dagger; a +0 ring mail; an orc corpse You see here a +0 club.
There is a stone staircase leading down here.
Casting: Magic Dart (safe; 1% risk of failure)
Confirm with . or Enter, or press ? or * to list all spells.
Aiming: Magic Dart (safe; 1% risk of failure)
Press: ? - help, Shift-Dir - straight line, f/p - iguana
Aim: an iguana (heavily wounded, 100% to hit)
The magic dart hits the iguana.
The iguana is severely wounded.
The iguana misses you.
Casting: Magic Dart (safe; 1% risk of failure)
Confirm with . or Enter, or press ? or * to list all spells.
Aiming: Magic Dart (safe; 1% risk of failure)
Press: ? - help, Shift-Dir - straight line, f/p - iguana
Aim: an iguana (severely wounded, 100% to hit)
The magic dart hits the iguana.
The iguana is severely wounded.
The iguana misses you.
Casting: Magic Dart (safe; 1% risk of failure)
Confirm with . or Enter, or press ? or * to list all spells.
Aiming: Magic Dart (safe; 1% risk of failure)
Press: ? - help, Shift-Dir - straight line, f/p - iguana
Aim: an iguana (severely wounded, 100% to hit)
The magic dart hits the iguana but does no damage.
The iguana is severely wounded.
The iguana bites you.
* * * LOW HITPOINT WARNING * * *
An iguana is nearby!
Unknown command.
It was a potion of might.
You feel very mighty all of a sudden. The iguana barely misses you.
You barely miss the iguana.
The iguana is severely wounded.
The iguana bites you!
You die...

######## ############
#......#
#...)))....######......###
#.########.....@l.........
#.#########..####......###
#..........>..............
############.###..........
#########.# #.......###
#.........###.......#
#...................#
#...................#
#...................#


You could see an iguana.

Vanquished Creatures
  A dart slug (D:2)
  6 orcs
  4 bats
  6 endoplasms
  2 giant cockroaches
  3 goblins
  2 hobgoblins
  4 quokkas
  2 ball pythons (D:1)
  4 frilled lizards
  4 kobolds
  2 rats (D:1)
40 creatures vanquished.

Notes
Turn   | Place    | Note
-------+----------+-------------------------------------------
     0 | D:1      | bearlyready the Draconian Conjurer began the quest for the
                  | Orb.
     0 | D:1      | Reached XP level 1. HP: 14/14 MP: 3/3
   551 | D:1      | Reached XP level 2. HP: 14/20 MP: 0/5
  1342 | D:2      | Learned a level 2 spell: Searing Ray
  1742 | D:2      | Reached skill level 5 in Conjurations
  1917 | D:2      | Reached XP level 3. HP: 26/26 MP: 6/6
  2243 | D:3      | Found a broken altar of Ashenzari.
  2500 | D:3      | You fall into a shaft and drop 2 floors!
  2500 | D:5      | Entered Level 5 of the Dungeon
  2629 | D:5      | Mangled by an iguana

Illustrated notes

Levels and vault maps discovered:
D:1:      matt_arrival_diagonals, layout_loops_ring, grunt_decor_cap,
          serial_bayou_pond_c, ebering_dispersal_statue_hall,
          hangedman_decor_diamond_cutter
D:2:      layout_rooms, grunt_ministairs_6, minmay_misc_feat_chi,
          amcnicky_mini_rare_corridor_liquid
D:3:      layout_basic, ashenzari_altar_1, basic_ecumenical_altar
D:5:      layout_basic, minmay_temple_entry_enclosed_plants

Skill      XL: |  1  2 |
---------------+-------+-----
Conjurations   | 5 |  5.3
Dodging        | |  1.7
Stealth        | |  1.7
Spellcasting   | |  2.0

Action                   || total
-------------------------++-------
Melee: Unarmed           ||    11
       Short sword       ||    58
       Tailslap          ||     8
       Dagger            ||    23
 Cast: Magic Dart        ||    35
       Searing Ray       ||     5
  Use: Potion            ||     1
Armor: Skin              ||    34
Dodge: Dodged            ||    99

Table legend: (Time is in decaauts)
 A = Elapsed time spent in this place.
 B = Non-inter-level travel time spent in this place.
 C = Inter-level travel time spent in this place.
 D = Time resting spent in this place.
 E = Time spent auto-exploring this place.
 F = Levels seen in this place.
 G = Mean time per level.
                   A        B        C        D        E       F      G
               +--------+--------+--------+--------+--------+-----+--------+
         Total |   2646 |   2620 |     26 |    280 |   1914 |   4 |  661.5 |
       Dungeon |   2646 |   2620 |     26 |    280 |   1914 |   4 |  661.5 |
               +--------+--------+--------+--------+--------+-----+--------+

Top non-repeatable levels by time:
     D:1: 1351 daAuts
     D:2: 898 daAuts
     D:3: 268 daAuts
     D:5: 128 daAuts
